Unix NetHack Version 5.0.0-0 post-release - last build Jul 19 2026 19:10:59 (3aa4ab31751d3886436d94b585a96704892fd477,branch:main).

Game began 2026-07-30 15:18:19, ended 2026-07-31 06:49:07.

Fendoran, lawful female human Knight

                                            -----
                        --------------     #....|
                        |............|  ####|...|      ----------------
                        |............|0##   |...|    ##.......`.......|
                        |.............#    #....-##### |..%...........|
           -------     #.......B@....|  ####|...|   ###...............|
           |*....|     #|.............###   |...|  ### |..............|
           |...*%| #####--|-----------      ---|-  #   -%--------------
           |.....-##      ##                   #   #    ###
           -------         #                 ###   #      ####
                           #                 #     #         ##
                           #              ####     #          ####
                           ###        ----.-----   #        -----|-
                             #        |........|####        |..|..|
                           --.---    #.....<...+0           |.....|
                           |...`|    #|........|            |.....|
                           |{>.^-#####----------            -------
                           ------

Fendoran the Esquire     St:15 Dx:9 Co:14 In:9 Wi:14 Ch:18  Lawful
Dlvl:6  $:6  HP:0(41) Pw:37(37) AC:5  Xp:5 T:4213  Burdened

Latest messages:
 What do you want to drop? [$b-fhj-lnoq-tvyzBCRVZ or ?*]
 You drop a tripe ration (unpaid, 10 zorkmids).
 You bought a scroll labeled ASHPD SODALG for 67 gold pieces.
 You bought a food ration for 30 gold pieces.
 You bought a scroll of identify for 13 gold pieces.
 "Thank you for shopping in Kabalebo's general store!"
 The water nymph pretends to be friendly.
 The water nymph charms you.  You gladly start removing your boots.
 You sure are noisy.
 The water nymph charms you.  You gladly start removing your shield.
 The water nymph charms you.  You gladly start removing your helm.
 You can move again.
 The water nymph steals an uncursed +0 helmet!
 The water nymph vanishes!
 The gecko misses!
 You miss the gecko.
 You hit the gecko.
 You miss the gecko.
 The gecko bites!
 You miss the gecko.
 The gecko bites!
 You miss the gecko.
 You hit the gecko.
 The gecko bites!
 The gecko bites!
 You miss the gecko.
 You hit the gecko.
 The gecko bites!
 You hit the gecko.
 The gecko bites!
 The gecko just misses!
 You miss the gecko.
 The gecko bites!
 You miss the gecko.
 The gecko bites!
 You kill the gecko!
 The giant bat bites!
 The giant bat bites!
 You hit the giant bat.
 The giant bat bites!
 The giant bat bites!
 You hit the giant bat.
 The giant bat bites!
 The giant bat bites!
 You hit the giant bat.
 The giant bat bites!
 The giant bat bites!
 The giant bat bites!
 You die...
 Do you want your possessions identified? [ynq] (y)

Inventory:
 Coins    ('$')
  $ - 6 gold pieces
 Weapons  (')')
  b - a +1 lance (weapon in right hand)
 Armor    ('[')
  f - an uncursed +0 pair of leather gloves (being worn)
  R - an uncursed +0 pair of elven boots
  e - an uncursed +0 small shield
  c - an uncursed +1 ring mail (being worn)
 Comestibles  ('%')
  h - 11 uncursed carrots
  y - an uncursed food ration
  V - 6 uncursed food rations
  Z - an uncursed fortune cookie
  q - an uncursed lembas wafer
  C - an uncursed tripe ration
 Scrolls  ('?')
  B - an uncursed scroll of enchant weapon
  z - a cursed scroll of identify
  t - a blessed scroll of teleportation
 Spellbooks  ('+')
  s - an uncursed spellbook of force bolt
  r - an uncursed spellbook of healing
  l - an uncursed spellbook of turn undead
 Potions  ('!')
  j - 3 uncursed potions of healing
 Rings    ('=')
  k - an uncursed ring of conflict
 Wands    ('/')
  n - a wand of create monster (0:13) (alternate weapon; not wielded)
  o - a wand of teleportation (0:8)

Fendoran the Knight's attributes:

Background:
 You were an Esquire, a level 5 female human Knight.
 You were lawful, on a mission for Lugh
 who was opposed by Brigit (neutral) and Manannan Mac Lir (chaotic).
 You were right-handed.
 You were in the Dungeons of Doom, on level 6.
 You entered the dungeon 4213 turns ago.
 There was a full moon in effect when your adventure ended.
 You had 252 experience points, 68 more were needed to attain level 6.

Basics:
 You had 0 out of 41 hit points.
 You had all 37 energy points (spell power).
 Your armor class was 5.
 Your wallet contained 6 zorkmids.
 Autopickup was off.

Final Characteristics:
 Your strength was 15 (limit:18/100).
 Your dexterity was 9 (limit:18).
 Your constitution was 14 (limit:18).
 Your intelligence was 9 (limit:18).
 Your wisdom was 14 (peak:15, limit:18).
 Your charisma was 18 (limit:18).

Final Status:
 You weren't hungry.
 You were burdened; movement was slightly slowed.
 You were wielding a lance.
 You had basic skill with lance.

Final Attributes:
 You were piously aligned.
 You could jump.
 You were warded.
 Your spell casting was impaired by metallic armor.
 You were lucky.
 You are dead.

Miscellaneous:
 You didn't encounter any bones levels.
 Total elapsed playing time was 1 hour, 10 minutes and 15 seconds.

Major events:
 Turn
    1: Fendoran the lawful female human Knight entered the dungeon
  702: attained the rank of Esquire (level 3)
 4213: killed by a giant bat

Spells:
 Name                 Level Category     Fail Retention
 healing                1   healing       83%  76%-100%
 detect monsters        1   divination    98%  76%-100%

Skills:
 Fighting Skills
   bare handed combat [Unskilled]
   two weapon combat  [Unskilled]
   riding             [Basic]
 Weapon Skills
   dagger             [Unskilled]
   knife              [Unskilled]
   axe                [Unskilled]
   pick-axe           [Unskilled]
   short sword        [Unskilled]
   broadsword         [Unskilled]
   long sword         [Skilled]
   two-handed sword   [Unskilled]
   saber              [Unskilled]
   club               [Unskilled]
   mace               [Unskilled]
   morning star       [Unskilled]
   flail              [Unskilled]
   hammer             [Unskilled]
   polearms           [Unskilled]
   spear              [Unskilled]
   trident            [Unskilled]
   lance              [Basic]
   bow                [Unskilled]
   crossbow           [Unskilled]
 Spellcasting Skills
   attack spells      [Unskilled]
   healing spells     [Unskilled]
   clerical spells    [Unskilled]

Voluntary challenges:
 Character rerolling was not enabled.
 You never genocided any monsters.
 You never polymorphed an object.
 You used no wishes.
Achievements:
 You attained the rank of Esquire.
 You entered a shop.

 The Dungeons of Doom: levels 1 to 6
    Level 1:
       A fountain, a grave.
    Level 2:
    Level 3:
    Level 4:
       Many fountains.
    Level 5:
       A general store, some fountains.
    Level 6: <- You were here.
       A general store, a fountain, a grave.
       Final resting place for
          you, killed by a giant bat.


Vanquished creatures:
  a small mimic
  2 ponies
  a yellow light
  a gnome leader
  a kobold mummy
  a gray ooze
  3 giant ants
  a little dog
  a floating eye
  a homunculus
  a monkey
 an orc zombie
  a werejackal
  3 iguanas
 an acid blob
  a coyote
  a hobgoblin
  a giant rat
  3 cave spiders
  a brown mold
  4 yellow molds
  a green mold
  2 geckos
  4 jackals
  a fox
  a kobold
  5 goblins
  7 grid bugs
  2 lichens
  3 newts
57 creatures vanquished.

No species were genocided or became extinct.

Game over:
                       ----------
                      /          \
                     /    REST    \
                    /      IN      \
                   /     PEACE      \
                  /                  \
                  |     Fendoran     |
                  |       6 Au       |
                  |   killed by a    |
                  |    giant bat     |
                  |                  |
                  |                  |
                  |       2026       |
                 *|     *  *  *      | *
        _________)/\\_//(\/(/\)/\//\/|_)_______

Fare thee well Fendoran the Knight...

You died in The Dungeons of Doom on dungeon level 6 with 1304 points,
and 6 pieces of gold, after 4213 moves.
You were level 5 with a maximum of 41 hit points when you died.

